 Dungeon Crawl Stone Soup version 0.27-a0-1181-g5f64966fcc (webtiles) character file.

Game seed: 17341985013462429528

4904 ZappyNine the Blocker (level 10, -2/76 HPs)
             Began as a Formicid Fighter on May 17, 2021.
             Was a Follower of Hepliaklqana.
             Slain by a two-headed ogre
             ... wielding a +0 giant club
              (12 damage)
             ... on level 8 of the Dungeon.
             The game lasted 00:09:32 (9836 turns).

ZappyNine the Blocker (Formicid Fighter)            Turns: 9836, Time: 00:09:33

Health: -2/76      AC:  8    Str: 24    XL:     10   Next: 80%
Magic:  10/10      EV: 10    Int:  7    God:    Hepliaklqana [*.....]
Gold:   401        SH: 17    Dex: 11    Spells: 9/9 levels left

rFire    . . .     SeeInvis +   a - +5 long sword (flame)
rCold    + . .     Faith    .   c - +0 kite shield
rNeg     . . .     Spirit   .   b - +0 scale mail
rPois    .         Reflect  +   (helmet unavailable)
rElec    .         Harm     .   q - +0 cloak
rCorr    +         Rampage  .   (no gloves)
Will     +....                  (no boots)
Stlth    ..........             s - amulet of reflection
HPRegen  0.22/turn              e - ring of resist corrosion
MPRegen  0.12/turn              (no ring)

@: no status effects
A: reduced essence, permanent stasis, dig shafts and tunnels, antennae 3, four
strong arms, cold resistance 1, MP-powered wands
a: Dig, Shaft Self, Renounce Religion, Recall Ancestor, Ancestor Identity


You were on level 8 of the Dungeon.
You worshipped Hepliaklqana.
Hepliaklqana was aware of your devotion.
You visited 2 branches of the dungeon, and saw 10 of its levels.

You collected 401 gold pieces.

Inventory:

Hand Weapons
 a - a +5 long sword of flaming (weapon)
Missiles
 m - a throwing net
 p - 3 atropa-tipped darts
Armour
 b - a +0 scale mail (worn)
 c - a +0 kite shield (worn)
 q - a +0 cloak (worn)
Jewellery
 e - a ring of resist corrosion (left hand)
 i - an amulet of guardian spirit
 k - an amulet of faith
 s - an amulet of reflection (around neck)
 t - an amulet of the acrobat
Wands
 f - a wand of digging (3)
 l - a wand of iceblast (19)
 n - a wand of acid (1)
Scrolls
 d - 6 scrolls of identify
 g - 4 scrolls of teleportation
 j - 4 scrolls of immolation
 u - a scroll of amnesia
Potions
 h - 2 potions of curing
 o - a potion of haste
 r - a potion of magic


   Skills:
 + Level 9.8 Fighting
 + Level 9.4 Long Blades
 + Level 4.0 Armour
 + Level 10.6 Shields


You had 9 spell levels left.
You didn't know any spells.
Your spell library contained the following spells:

 Spells                   Type           Power      Damage    Failure   Level
 Animate Skeleton         Necr           0%         N/A       73%         1
 Apportation              Tloc           0%         N/A       73%         1
 Corona                   Hex            0%         N/A       73%         1
 Magic Dart               Conj           0%         1d3       73%         1
 Pain                     Necr           0%         1d4       73%         1
 Shock                    Conj/Air       0%         1d3       73%         1
 Summon Small Mammal      Summ           0%         N/A       73%         1
 Call Imp                 Summ           0%         N/A       86%         2
 Slow                     Hex            0%         N/A       86%         2
 Static Discharge         Conj/Air       0%         N/A       86%         2
 Conjure Flame            Conj/Fire      0%         6-21      97%         3
 Mephitic Cloud           Conj/Pois/Air  0%         N/A       97%         3
 Vampiric Draining        Necr           0%         2d6       97%         3
 Airstrike                Air            0%         N/A       100%        4
 Animate Dead             Necr           0%         N/A       100%        4
 Agony                    Necr           0%         N/A       100%        5
 Lightning Bolt           Conj/Air       0%         1d11      100%        5
 Blink                    Tloc           Unusable   N/A       N/A         2
 Swiftness                Air            Unusable   N/A       N/A         3

Dungeon Overview and Level Annotations

Branches:
Dungeon (9/15)             Temple (1/1) D:6
   Lair: D:8-11         Orc: D:9-12

Altars:
Ashenzari
Cheibriados
Dithmenos
Elyvilon
Fedhas
Hepliaklqana
Kikubaaqudgha
Makhleb
Nemelex Xobeh
Okawaru
Qazlal
Ru
Sif Muna
Trog
Uskayaw
Vehumet
Wu Jian
Xom
Yredelemnul
Zin
The Shining One

Annotations:
D:8 Joseph


Innate Abilities, Weirdness & Mutations

Your life essence is reduced to manifest your ancestor. (-10% HP)
You cannot be hasted, slowed, berserked, paralysed or teleported.
You can dig through walls and to a lower floor.
You have a pair of large antennae on your head. (SInv)
Your four strong arms can wield two-handed weapons with a shield.
Your flesh is cold resistant. (rC+)
You expend magic power (3 MP) to strengthen your wands.


Message History

The two-headed ogre is heavily wounded. Æthelred hits the two-headed ogre.
You block the two-headed ogre's attack. x2
You slash the two-headed ogre! You burn the two-headed ogre!
You kill the two-headed ogre!
Your Armour skill increases to level 4!
Things that are here:
a +0 giant spiked club; a +0 dire flail You start resting.
HP restored.
A two-headed ogre comes into view.
It is wielding a +0 giant club and a +0 great mace.
The two-headed ogre shouts in stereo!
You hear a shout!
Found 15 gold pieces.
A two-headed ogre is nearby!
A two-headed ogre is nearby!
A two-headed ogre is nearby!
Joseph, a Mercenary comes into view.
He is wielding a +1 spectral quarterstaff.
The two-headed ogre barely misses you.
You riposte.
You barely miss the two-headed ogre. You block the two-headed ogre's attack.
You hit the two-headed ogre. You burn the two-headed ogre.
The two-headed ogre is lightly wounded.
You block the two-headed ogre's attack. x2
Joseph unwields a +1 spectral quarterstaff.
Joseph wields a +0 hunting sling.
Joseph shoots a sling bullet.
The sling bullet hits you!! Æthelred hits the two-headed ogre!
You hit the two-headed ogre. You burn the two-headed ogre.
The two-headed ogre is heavily wounded.
The two-headed ogre hits you with a +0 giant club!!
The two-headed ogre hits you with a +0 great mace!
* * * LOW HITPOINT WARNING * * *
Æthelred hits the two-headed ogre.
Joseph shoots a sling bullet.
You reflect the sling bullet off an invisible shield around you!
The sling bullet hits Joseph!!
You barely miss the two-headed ogre.
The two-headed ogre is heavily wounded. Æthelred hits the two-headed ogre.
Joseph shoots a sling bullet.
The sling bullet hits you!
* * * LOW HITPOINT WARNING * * *
You block the two-headed ogre's attack.
The two-headed ogre hits you with a +0 great mace!
You die...

.......#.....#{
.......#.....#...#....#
.......#.....#...#....##
.......#.....#.@......$.
.......#.....#...#.#.#..
.......#.....#..........
.#######.....#...#.#.#.....#
.#....#......#.............#
.#....#......#.O@#.#.#.....######
.#....#......###R.......>.......#
.#....##.....##..##..#..........#
.#....##.....##...# .#..........#
.#...............[#..#..........#
.#..........)##+###..#.........(#
.#...........##.................#
.#....#########...#.#...........#
##....##.....##.......#####.....#


You could see the friendly Æthelred the ancestor, Joseph and a two-headed ogre
(ally target).

Vanquished Creatures
  2 two-headed ogres (D:8)
  A hornet (D:8)
  A wyvern (D:8)
  Eustachio (D:5)
  Menkaure (D:5)
  An acid dragon (D:8)
  A water moccasin (D:7)
  2 black bears
  2 sky beasts
  A hornet zombie (D:7)
  An ice beast (D:6)
  An orc warrior (D:7)
  A necrophage (D:6)
  An ogre (D:6)
  A kobold brigand (D:5)
  A bullfrog (D:7)
  A wyvern zombie (D:5)
  3 scorpions
  5 wights
  2 water moccasin skeletons (D:5)
  9 killer bees
  2 howler monkeys (D:8)
  2 centaur zombies
  3 jellies
  A bullfrog skeleton (D:6)
  A hound (D:5)
  2 centaur skeletons
  2 gnoll shamans
  5 iguanas
  5 orc wizards
  A hound skeleton (D:4)
  A howler monkey skeleton (D:4)
  7 gnolls
  5 adders
  A white imp (D:5)
  2 ufetubi
  2 worms (D:2)
  2 dart slugs (D:2)
  27 orcs
  6 ball pythons
  4 bats
  7 endoplasms
  3 giant cockroaches
  3 goblins
  8 hobgoblins
  A quokka (D:2)
  2 frilled lizards
  11 kobolds
  8 rats
163 creatures vanquished.

Vanquished Creatures (collateral kills)
  A killer bee (D:8)
  An orc wizard (D:7)
2 creatures vanquished.

Vanquished Creatures (others)
  An ancestor (D:8)
1 creature vanquished.

Grand Total: 166 creatures vanquished

Notes
Turn   | Place    | Note
-------+----------+-------------------------------------------
     0 | D:1      | ZappyNine the Formicid Fighter began the quest for the Orb.
     0 | D:1      | Reached XP level 1. HP: 18/18 MP: 1/1
   348 | D:1      | Reached XP level 2. HP: 24/24 MP: 2/2
   351 | D:1      | Found a faded altar of an unknown god.
   696 | D:2      | Reached XP level 3. HP: 29/29 MP: 3/3
   871 | D:2      | Reached XP level 4. HP: 20/35 MP: 4/4
  1293 | D:2      | Reached skill level 4 in Shields
  1611 | D:2      | Found a burning altar of Makhleb.
  1651 | D:3      | Reached XP level 5. HP: 41/41 MP: 5/5
  2936 | D:4      | Reached XP level 6. HP: 42/48 MP: 6/6
  3508 | D:5      | Entered Level 5 of the Dungeon
  3526 | D:5      | Reached skill level 5 in Long Blades
  3526 | D:5      | Reached skill level 5 in Shields
  3658 | D:5      | Noticed Menkaure
  3679 | D:5      | Killed Menkaure
  3680 | D:5      | Reached skill level 5 in Fighting
  3680 | D:5      | Reached XP level 7. HP: 30/56 MP: 7/7
  4044 | D:5      | Reached skill level 6 in Shields
  4068 | D:5      | Found a shimmering altar of Xom.
  4174 | D:5      | HP: 2/56 [wyvern zombie (2)]
  4181 | D:5      | Reached XP level 8. HP: 22/64 MP: 8/8
  4659 | D:5      | Found a hide-covered altar of Uskayaw.
  4724 | D:5      | Noticed Eustachio
  4739 | D:5      | Killed Eustachio
  4873 | D:5      | Reached skill level 7 in Shields
  5092 | D:6      | Found a staircase to the Ecumenical Temple.
  5104 | Temple   | Entered the Ecumenical Temple
  5231 | Temple   | Became a worshipper of Hepliaklqana the Forgotten
  5700 | D:6      | Gained mutation: You expend magic power (3 MP) to
                  | strengthen your wands. [potion of mutation]
  5700 | D:6      | Gained mutation: Your flesh is cold resistant. (rC+)
                  | [potion of mutation]
  5940 | D:6      | Found a snail-covered altar of Cheibriados.
  5960 | D:6      | Found an ornate altar of the Wu Jian Council.
  5961 | D:6      | Found a blossoming altar of Fedhas.
  5962 | D:6      | Found a broken altar of Ashenzari.
  5964 | D:6      | Found a glowing golden altar of the Shining One.
  5994 | D:6      | Reached XP level 9. HP: 72/72 MP: 9/9
  6107 | D:6      | Reached skill level 8 in Shields
  6699 | D:6      | Found a sparkling altar of Nemelex Xobeh.
  7342 | D:6      | You fall into a shaft and drop 3 floors!
  7361 | D:8      | Noticed a hornet
  7377 | D:8      | Killed a hornet
  7408 | D:8      | Noticed a two-headed ogre
  7414 | D:8      | Killed a two-headed ogre
  7415 | D:8      | Reached skill level 9 in Shields
  7415 | D:8      | Reached XP level 10. HP: 27/82 MP: 10/10
  8075 | D:7      | Reached skill level 10 in Shields
  8154 | D:7      | Reached * piety under Hepliaklqana
  9632 | D:8      | Found a glowing silver altar of Zin.
  9735 | D:8      | Noticed a two-headed ogre
  9744 | D:8      | Killed a two-headed ogre
  9831 | D:8      | Noticed a two-headed ogre
  9832 | D:8      | Noticed Joseph
  9836 | D:8      | Slain by a two-headed ogre

Illustrated notes

Levels and vault maps discovered:
D:1:      matt_arrival_grand_opening, layout_basic, basic_ecumenical_altar
D:2:      layout_rooms, basic_altar
D:3:      layout_loops_cross
D:4:      layout_loops_ring, st_stairs_4, hangedman_decor_peaks_small,
          grunt_decor_fettered
D:5:      layout_loops_ring, kennysheep_little_box, kennysheep_mini_moat,
          uniq_menkaure, uniq_eustachio
D:6:      layout_basic, nemelex_dance_club_becter, minitemple,
          minmay_temple_entry_crystal_x
D:7:      layout_cave_pods
D:8:      layout_gridville, zin_scriptorium, serial_glass, glass_columns_b,
          glass_columns_a, uniq_joseph
D:9:      layout_roguey, old_standard_altar
Temple:   nicolae_temple_hex_pool

Skill      XL: |  1  2  3  4  5  6  7  8  9 10 |
---------------+-------------------------------+-----
Long Blades    | 3 4 5 7 8 9 |  9.4
Shields        | 4 5 6 7 9 10 | 10.6
Fighting       | 4 5 7 8 9 |  9.8
Armour         | 4 |  4.0

Action                   |  1- 3 |  4- 6 |  7- 9 | 10-12 || total
-------------------------+-------+-------+-------+-------++-------
Melee: Long sword        |    68 |   154 |   211 |   145 ||   578
 Abil: Dig               |       |     2 |     3 |     1 ||     6
       Shaft Self        |       |       |     1 |       ||     1
  Use: Potion            |     1 |     1 |    12 |       ||    14
       Scroll            |       |     9 |     5 |     3 ||    17
Armor: Scale mail        |    31 |    48 |    57 |    30 ||   166
       Skin              |       |       |    11 |       ||    11
Dodge: Dodged            |    21 |    46 |    68 |    36 ||   171
Block: Kite shield       |    25 |    69 |   123 |   124 ||   341
       Reflection        |       |       |       |     2 ||     2
       Rpst.: Long sword |     8 |    12 |    15 |    10 ||    45

Table legend: (Time is in decaauts)
 A = Elapsed time spent in this place.
 B = Non-inter-level travel time spent in this place.
 C = Inter-level travel time spent in this place.
 D = Time resting spent in this place.
 E = Time spent auto-exploring this place.
 F = Levels seen in this place.
 G = Mean time per level.
                   A        B        C        D        E       F      G
               +--------+--------+--------+--------+--------+-----+--------+
         Total |   9945 |   9712 |    233 |   2994 |   5277 |  10 |  994.5 |
       Dungeon |   9814 |   9584 |    230 |   2994 |   5277 |   9 | 1090.4 |
        Temple |    130 |    127 |      3 |      0 |      0 |   1 |  130.0 |
               +--------+--------+--------+--------+--------+-----+--------+

Top non-repeatable levels by time:
     D:6: 2283 daAuts
     D:5: 1442 daAuts
     D:8: 1312 daAuts
     D:7: 1185 daAuts
     D:3: 1005 daAuts
     D:2: 984 daAuts
     D:4: 887 daAuts
     D:1: 705 daAuts
  Temple: 130 daAuts
     D:9: 6 daAuts
